Map: [ESL] Babylon

Players

Spirit

  • Race: Terran Terran

ShoWTimE - Winner!

  • Race: Protoss Protoss

Event: IEM Katowice 2023

VOD

Have the link to the VOD?

Description

Time

  • Played on: Feb. 10, 2023, 7:10 a.m.
  • Length: 7:54

All games in this series

Show
View Real Time Build Order
Export as new Build Order

Spirit Terran 

Build Orders:  

Get SALT Encoding   

  12  0:00  SCV  
  13  0:12  SCV  
  14  0:17  Supply Depot  
  14  0:24  SCV  
  15  0:38  SCV  
  15  0:41  Barracks  
  16  0:44  Refinery  
  16  0:51  SCV  
  17  1:03  SCV  
  18  1:15  SCV  
  19  1:28  Orbital Command  
  19  1:29  Barracks Reactor  
  19  1:52  Supply Depot  
  19  1:55  SCV  
  19  1:58  Command Center  
  20  2:05  Marine, Reaper  
  22  2:09  Bunker  
  22  2:11  SCV  
  23  2:17  Bunker  
  23  2:28  Factory  
  23  2:30  SCV  
  23  2:35  Refinery  
  24  2:38  Marine  
  24  2:42  Marine  
  26  2:44  SCV  
  26  2:49  Supply Depot  
  27  2:56  SCV  
  28  3:03  Marine  
  28  3:04  Marine  
  29  3:08  SCV  
  29  3:11  Factory Tech Lab  
  29  3:13  Orbital Command  
  29  3:20  SCV  
  29  3:21  Marine x2  
  32  3:30  Cyclone  
  32  3:32  Orbital Command  
  32  3:33  SCV  
  36  3:40  Marine  
  36  3:41  Marine  
  38  3:45  SCV  
  39  3:57  SCV x2  
  39  3:58  Command Center  
  39  4:05  Cyclone  
  39  4:09  SCV  
  38  4:11  SCV  
  36  4:18  Marine x2  
  36  4:21  SCV  
  36  4:23  SCV  
  40  4:30  Supply Depot  
  40  4:33  SCV  
  40  4:35  SCV  
  42  4:40  Cyclone  
  42  4:41  Marine  
  42  4:43  Marine  
  45  4:45  SCV  
  45  4:47  SCV  
  46  4:57  SCV  
  46  4:59  Marine, SCV  
  49  5:01  Marine  
  50  5:09  Barracks  
  50  5:10  SCV  
  50  5:11  SCV  
  50  5:13  Barracks  
  52  5:15  Orbital Command  
  52  5:22  SCV  
  52  5:23  SCV  
  52  5:28  Siege Tank  
  57  5:31  Marine x2  
  57  5:34  SCV  
  61  5:35  SCV  
  61  5:37  Bunker  
  61  5:41  SCV  
  62  5:44  Starport  
  62  5:45  Supply Depot  
  62  5:46  SCV  
  62  5:47  SCV  
  64  5:50  Refinery x2  
  64  5:53  SCV, Supply Depot  
  64  5:54  Marine  
  66  5:59  SCV  
  66  6:00  Siege Tank  
  66  6:01  Barracks Tech Lab  
  66  6:04  Barracks Tech Lab  
  70  6:05  SCV  
  71  6:11  Engineering Bay  
  71  6:14  Engineering Bay  
  71  6:20  Barracks  
  71  6:21  Barracks  
  71  6:24  Combat Shield  
  71  6:27  Starport Reactor  
  71  6:28  SCV x2  
  71  6:32  Siege Tank  
  76  6:38  Marine  
  76  6:39  Marauder  
  79  6:40  SCV  
  79  6:45  Orbital Command, SCV  
  79  6:49  Marine  
  79  6:50  Marauder  
  79  6:52  SCV  
  83  6:57  SCV  
  83  6:59  Marine  
  83  7:01  Supply Depot  
  85  7:02  Supply Depot  
  85  7:04  SCV  
  85  7:05  Medivac x2  
  90  7:10  Siege Tank  
  90  7:15  SCV, Supply Depot  
  94  7:16  Marine  
  94  7:17  Marine  
  94  7:19  SCV  
  94  7:21  Marine x2  
  89  7:23  Marine  
  89  7:24  Marine  
  69  7:34  Marine  
  69  7:35  Marine  
Show
View Real Time Build Order
Export as new Build Order

ShoWTimE Protoss - Winner!

Build Orders: 1 Gate Expand, Oracle Opening 

Get SALT Encoding   

  12  0:00  Probe  
  13  0:12  Probe  
  14  0:17  Pylon  
  14  0:24  Probe  
  15  0:35  Gateway  
  15  0:39  Probe  
  16  0:47  Pylon  
  16  0:51  Probe  
  16  0:55  Assimilator  
  18  1:06  Gateway  
  18  1:08  Probe  
  18  1:20  Probe  
  19  1:31  Nexus  
  19  1:41  Cybernetics Core  
  19  1:44  Probe  
  20  1:50  Assimilator  
  20  1:56  Probe  
  21  2:08  Probe  
  21  2:15  Adept (Chrono Boost)  
  22  2:20  Probe  
  25  2:27  Stargate  
  25  2:33  Probe  
  25  2:35  Adept (Chrono Boost)  
  26  2:41  Warp Gate  
  26  2:43  Probe (Chrono Boost)  
  29  2:51  Probe (Chrono Boost)  
  30  2:53  Probe (Chrono Boost)  
  30  2:58  Probe x2 (Chrono Boost)  
  32  2:59  Adept  
  35  3:09  Probe  
  35  3:10  Probe, Oracle (Chrono Boost)  
  40  3:21  Pylon, Probe  
  40  3:22  Probe  
  42  3:30  Adept  
  42  3:33  Probe  
  45  3:34  Probe  
  46  3:42  Oracle (Chrono Boost)  
  46  3:45  Probe  
  46  3:46  Gateway, Probe  
  51  3:53  Pylon  
  51  3:57  Probe  
  51  3:58  Probe  
  51  4:09  Probe  
  52  4:10  Probe  
  52  4:14  Oracle (Chrono Boost)  
  51  4:20  Gateway  
  51  4:21  Probe  
  51  4:22  Probe  
  51  4:23  Assimilator  
  53  4:30  Gateway  
  53  4:34  Probe x2  
  53  4:35  Twilight Council  
  53  4:46  Probe  
  53  4:47  Probe  
  53  4:48  Shield Battery, Pylon  
  53  4:55  Stalker  
  53  4:57  Stalker  
  53  4:58  Probe  
  58  5:04  Pylon, Probe  
  59  5:08  Shield Battery  
  59  5:10  Probe  
  59  5:14  Charge (Chrono Boost)  
  59  5:16  Probe  
  59  5:18  Stalker  
  59  5:22  Probe  
  59  5:25  Stalker x2  
  64  5:28  Probe  
  64  5:30  Nexus  
  64  5:32  Pylon  
  65  5:36  Zealot  
  65  5:37  Probe  
  65  5:40  Pylon  
  65  5:41  Probe  
  65  5:42  Zealot  
  71  5:48  Pylon, Gateway  
  71  5:50  Gateway  
  71  5:51  Probe  
  71  5:56  Zealot  
  74  5:57  Sentry  
  74  5:59  Zealot  
  74  6:03  Probe x2  
  80  6:08  Gateway  
  80  6:11  Pylon  
  80  6:15  Zealot  
  80  6:17  Zealot  
  84  6:19  Probe x2  
  84  6:25  Forge  
  86  6:26  Zealot  
  86  6:30  Zealot  
  90  6:35  Pylon, Probe x2  
  92  6:48  Zealot x4  
  92  6:49  Zealot  
  102  6:55  Assimilator, Robotics Facility  
  102  6:59  Zealot  
  104  7:03  Pylon  
  104  7:06  Zealot  
  106  7:11  Zealot x4  
  110  7:23  Probe x3  
  110  7:27  Stalker x3  
  115  7:32  Zealot x2  
  115  7:33  Zealot x2  
  120  7:53  Zealot x7  

Tags
 
Add a new tag
Caveats
  • Supply blocks, unpowered buildings, or Contaminate may cause inaccurate times.
  • Supply counts are checked every 10 seconds.